 Dungeon Crawl Stone Soup version 0.22-a0-126-g307c7c3 (webtiles) character file.

1927 tilp the Spear-Bearer (level 9, -11/65 HPs)
             Began as a Merfolk Ice Elementalist on Jan 30, 2018.
             Was an Initiate of Makhleb.
             Mangled by an orc warrior
             ... wielding a +0 battleaxe
              (26 damage)
             ... on level 7 of the Dungeon.
             The game lasted 00:27:59 (9829 turns).

tilp the Spear-Bearer (Merfolk Ice Elementalist)    Turns: 9829, Time: 00:27:59

Health: -11/65     AC: 13    Str:  9    XL:     9   Next: 17%
Magic:  1/12       EV: 12    Int: 19    God:    Makhleb [......]
Gold:   281        SH:  0    Dex: 14    Spells: 6/12 levels left

rFire    . . .     SeeInvis .   J - +0 halberd
rCold    . . .     Gourm    .   (shield currently unavailable)
rNeg     . . .     Faith    .   D - +2 leather armour {rPois}
rPois    +         Spirit   .   s - +0 helmet
rElec    .         Reflect  .   l - +0 cloak (curse)
rCorr    .         Harm     .   (no gloves)
MR       .....                  (no boots)
Stlth    ++........             (no amulet)
HPRegen  0.20/turn              C - +2 ring of intelligence
MPRegen  0.13/turn              (no ring)

@: icy armour, very slightly contaminated, slow
A: change form in water, swift swim, stealthy swim
a: Renounce Religion


You were on level 7 of the Dungeon.
You worshipped Makhleb.
Makhleb was noncommittal.
You were hungry.

You visited 2 branches of the dungeon, and saw 8 of its levels.

You collected 477 gold pieces.
You spent 196 gold pieces at shops.

Inventory:

Hand Weapons
 f - a +1 spear
 p - a +1 dagger of speed
 E - a +1 dagger of venom
 J - a +0 halberd (weapon)
Missiles
 h - 112 stones (quivered)
 u - 17 sling bullets
Armour
 a - a +0 robe
 l - a cursed +0 cloak (worn)
 s - a +0 helmet (worn)
 D - a +2 leather armour of poison resistance (worn)
 F - a +1 leather armour of magic resistance
Magical Staves
 t - an uncursed staff of fire {unknown}
Jewellery
 C - a +2 ring of intelligence (left hand)
 G - a +5 ring of evasion {unknown}
Wands
 v - a wand of flame (24)
Scrolls
 d - a scroll of noise {unknown}
 i - a scroll of fog {unknown}
 j - 4 scrolls of remove curse
 k - 2 scrolls of teleportation {unknown}
 m - 3 scrolls of fear {unknown}
 n - a scroll of amnesia {unknown}
 o - a scroll of immolation {unknown}
 q - 2 scrolls of magic mapping
 w - 3 scrolls of enchant weapon
 x - 2 scrolls of blinking {unknown}
Potions
 e - a potion of resistance {unknown}
 g - 3 potions of flight
 r - 2 potions of magic
 z - a potion of lignification
 A - 2 potions of might
 B - 2 potions of curing {unknown}
 H - a potion of heal wounds {unknown}
Books
 b - a book of Frost

   Spells                             Type                      Level
   a - Freeze                         Ice                          1
   b - Throw Frost                    Conjuration/Ice              2
   c - Ozocubu's Armour               Charms/Ice                   3
   d - Throw Icicle                   Conjuration/Ice              4
   e - Summon Ice Beast               Ice/Summoning                4
 y - a book of Callings

   Spells                             Type                      Level
   a - Summon Small Mammal            Summoning                    1
   b - Call Imp                       Summoning                    2
   c - Call Canine Familiar           Summoning                    3
   d - Summon Guardian Golem          Hexes/Summoning              3
   e - Summon Lightning Spire         Summoning/Air                4
   f - Summon Ice Beast               Ice/Summoning                4
Comestibles
 c - 11 rations


   Skills:
 - Level 4.1 Fighting
 + Level 12.4 Polearms
 - Level 2.6 Dodging
 - Level 2.1 Stealth
 - Level 2.0 Spellcasting
 - Level 0.7 Conjurations
 - Level 4.0 Charms
 - Level 6.0 Ice Magic


You had 6 spell levels left.
You knew the following spells:

 Your Spells              Type           Power        Failure   Level  Hunger
a - Freeze                Ice            ###.         1%          1    #......
b - Throw Frost           Conj/Ice       ##....       9%          2    ###....
c - Ozocubu's Armour      Chrm/Ice       ###.....     9%          3    ###....


Dungeon Overview and Level Annotations

Branches:
Dungeon (7/15)             Temple (1/1) D:5

Altars:
Ashenzari
Cheibriados
Dithmenos
Elyvilon
Fedhas
Hepliaklqana
Makhleb
Okawaru
Qazlal
Ru
Sif Muna
Trog
Uskayaw
Vehumet
Wu Jian
Xom
Yredelemnul
Zin
The Shining One
Lugonu

Shops:
D:5 =*%   D:7 =

Annotations:
D:4 exclusion: statue


Message History

The orc warrior drinks a potion.
The orc warrior goes berserk!
You hit the orc warrior but do no damage.
The orc warrior is heavily wounded.
The orc warrior closely misses you. The orc wizard barely misses you.
You closely miss the orc warrior.
The orc warrior is heavily wounded.
The orc warrior hits you with a battleaxe!!
* * * LOW HITPOINT WARNING * * *
The orc wizard closely misses you.
Casting: Freeze (safe; 1% risk of failure)
Confirm with . or Enter, or press ? or * to list all spells.
Aiming: Freeze (safe; 1% risk of failure)
Press: ? - help, Shift-Dir - straight line, f/p - orc warrior
Aim: an orc warrior, wielding a battleaxe and wearing a chain mail (heavily wounded, berserk, fast, unusually strong)
You freeze the orc warrior.
The orc warrior is severely wounded.
The orc warrior hits you but does no damage.
The orc wizard hits you but does no damage.
The orc warrior hits you with a battleaxe!!
You die...

####################..###.#
...........).........## #.#
.###......############ #.# .#
###..### #.###### .###.....#
##.#....## ......o..##
######>........ ......o...##
###(((...........
.....##....######((..........###.
....####...((.Jo@...........##.##
...## ###.....o.........##.#._.#
...# #..............###......
..## ##.............# ##..... ###
#...########..# ##...# #..## #..#
##### #..# #..# ##.# #..## ##.#
##.## ### ##..## #.#####.##


You could see an orc warrior (berserk), a jelly and an orc wizard.

Vanquished Creatures
  Menkaure (D:6)
  A sky beast (D:7)
  An ice beast (D:7)
  A centaur (D:7)
  A big kobold (D:6)
  3 bullfrogs
  A gnoll sergeant (D:7)
  3 scorpions
  2 howler monkeys
  A crimson imp (D:6)
  3 hounds
  A jelly (D:5)
  3 orc priests
  3 orc wizards
  A centaur skeleton (D:5)
  An iguana (D:6)
  12 worker ants
  A killer bee zombie (D:6)
  A hound skeleton (D:4)
  2 worker ant zombies
  A howler monkey skeleton (D:7)
  5 gnolls (D:7)
  7 adders
  A shadow imp (D:6)
  3 oozes
  An adder zombie (D:6)
  2 adder skeletons
  2 worms
  2 dart slugs
  2 leopard geckos
  26 orcs
  6 bats
  4 giant cockroaches
  6 goblins
  6 hobgoblins
  9 jackals
  A quokka (D:3)
  A ball python (D:1)
  A ball python skeleton (D:4)
  2 frilled lizards (D:2)
  A jackal skeleton (D:7)
  13 kobolds
  A leopard gecko skeleton (D:7)
  A leopard gecko zombie (D:6)
  A quokka skeleton (D:4)
  3 rats
151 creatures vanquished.

Vanquished Creatures (others)
  5 dream sheep (D:6)
5 creatures vanquished.

Grand Total: 156 creatures vanquished

Notes
Turn   | Place    | Note
-------+----------+-------------------------------------------
     0 | D:1      | tilp the Merfolk Ice Elementalist began the quest for the Orb.
     0 | D:1      | Reached XP level 1. HP: 13/13 MP: 3/3
   157 | D:1      | Reached XP level 2. HP: 16/19 MP: 1/5
   161 | D:1      | Learned a level 2 spell: Throw Frost
   233 | D:1      | You fall through a shaft!
   748 | D:2      | Reached XP level 3. HP: 24/24 MP: 4/6
   753 | D:2      | Learned a level 3 spell: Ozocubu's Armour
  1651 | D:2      | Reached skill level 5 in Ice Magic
  1841 | D:2      | Reached XP level 4. HP: 24/30 MP: 5/7
  2255 | D:3      | Reached skill level 1 in Charms
  2886 | D:3      | Reached XP level 5. HP: 33/35 MP: 8/8
  3016 | D:3      | Reached XP level 6. HP: 3/41 MP: 0/9
  3577 | D:4      | Found a radiant altar of Vehumet.
  3725 | D:4      | Reached skill level 1 in Polearms
  3925 | D:4      | Reached skill level 2 in Polearms
  3945 | D:4      | Found a radiant altar of Vehumet.
  3958 | D:4      | Found a blossoming altar of Fedhas.
  4004 | D:4      | Reached skill level 3 in Polearms
  4301 | D:4      | Reached skill level 4 in Polearms
  4395 | D:4      | Reached XP level 7. HP: 43/46 MP: 5/10
  4457 | D:4      | Reached skill level 5 in Polearms
  5075 | D:5      | Entered Level 5 of the Dungeon
  5120 | D:5      | Reached skill level 6 in Polearms
  5296 | D:5      | Found a staircase to the Ecumenical Temple.
  5315 | Temple   | Entered the Ecumenical Temple
  5373 | D:5      | Reached skill level 7 in Polearms
  5643 | D:5      | Found Gycsorai's General Store.
  5652 | D:5      | Bought a scroll of magic mapping for 49 gold pieces
  5652 | D:5      | Bought a scroll of remove curse for 42 gold pieces
  5874 | D:5      | Found Juus's Jewellery Shop.
  5899 | D:5      | Reached skill level 8 in Polearms
  5976 | D:5      | Found Gug Gif's Food Boutique.
  6025 | D:5      | Found a hazy altar of Hepliaklqana.
  6205 | D:5      | Found a bloodstained altar of Trog.
  6210 | D:5      | Found a deep blue altar of Sif Muna.
  6211 | D:5      | Found a shattered altar of Ashenzari.
  6335 | D:5      | Bought a +2 ring of intelligence for 105 gold pieces
  6724 | D:5      | Reached skill level 9 in Polearms
  6724 | D:5      | Reached XP level 8. HP: 35/52 MP: 6/11
  7282 | D:6      | Found a sacrificial altar of Ru.
  7295 | D:6      | Noticed Menkaure
  7311 | D:6      | Killed Menkaure
  7311 | D:6      | Reached skill level 10 in Polearms
  7636 | D:6      | Reached skill level 11 in Polearms
  7717 | D:6      | Found a shimmering altar of Xom.
  7717 | D:6      | Noticed a dream sheep
  7717 | D:6      | Noticed a dream sheep
  7717 | D:6      | Noticed a dream sheep
  7717 | D:6      | Noticed a dream sheep
  7717 | D:6      | Noticed a dream sheep
  7722 | D:6      | Killed a dream sheep
  7722 | D:6      | Killed a dream sheep
  7722 | D:6      | Killed a dream sheep
  7722 | D:6      | Killed a dream sheep
  7722 | D:6      | Killed a dream sheep
  8339 | D:7      | Found Ovvufaom's Jewellery Shoppe.
  8569 | D:7      | Found a burning altar of Makhleb.
  8577 | D:7      | Became a worshipper of Makhleb the Destroyer
  8853 | D:7      | Reached skill level 12 in Polearms
  9078 | D:7      | Reached skill level 1 in Fighting
  9328 | D:7      | Reached XP level 9. HP: 55/62 MP: 2/12
  9648 | D:7      | Found a shadowy altar of Dithmenos.
  9829 | D:7      | Mangled by an orc warrior

Vault maps used:
D:1:      minmay_arrival_open_corners, st_stairs_9
D:4:      vehumet_statue, lemuel_doored_altar, first_ration,
          hangedman_decor_slide_cut, vehumet_altar_wand_db
D:5:      kennysheep_little_box, minitemple, minmay_temple_entry_water_ring,
          serial_shops, shop, shop, nicolae_shop_window_shopping
D:6:      nicolae_ru_path_of_blood, kb_xom_exploding_sheep, uniq_menkaure
D:7:      bloody_makhleb, nicolae_dithmenos_through_a_glass_darkly,
          serial_shops, nicolae_shop_crystal
Temple:   corrupted_temple

Skill      XL: |  1  2  3  4  5  6  7  8  9 |
---------------+----------------------------+-----
Ice Magic      | 4 5 6 |  6.0
Charms         | 1 3 4 |  4.0
Polearms       | 4 9 12 | 12.4
Fighting       | 2 4 |  4.1
Dodging        | |  2.6
Stealth        | |  2.1
Spellcasting   | |  2.0
Conjurations   | |  0.7

Action                   |  1- 3 |  4- 6 |  7- 9 || total
-------------------------+-------+-------+-------++-------
Melee: Unarmed           |     1 |       |       ||     1
       Dagger            |     7 |   123 |   123 ||   253
       Spear             |       |       |   112 ||   112
       Halberd           |       |       |    16 ||    16
Throw: Stone             |     6 |     1 |       ||     7
 Cast: Freeze            |    47 |    49 |   122 ||   218
       Throw Frost       |     3 |    12 |    41 ||    56
       Ozocubu's Armour  |       |       |     4 ||     4
Evoke: Wand              |       |       |     6 ||     6
  Use: Potion            |       |     1 |       ||     1
       Scroll            |       |       |     5 ||     5
 Stab: Sleeping          |     1 |     4 |     1 ||     6
  Eat: Chunk             |     4 |     9 |    22 ||    35
Armor: Robe              |     8 |    22 |    21 ||    51
       Leather armour    |       |       |    38 ||    38
Dodge: Dodged            |    28 |    99 |   146 ||   273

Table legend:
 A = Spawn XP
 B = Non-spawn XP
 C = Spawn XP percentage of total XP
 D = Spawn monster count
 E = Non-spawn monster count
 F = Spawn count percentage of total count
 G = Total turns spent on level
                    A         B        C        D         E        F      G
               +---------+---------+-------+---------+---------+-------+---------
         Total |       0 |    2754 |   0.0 |       0 |     151 |   0.0 |  9829
               +---------+---------+-------+---------+---------+-------+---------
           D:1 |       0 |      35 |   0.0 |       0 |      20 |   0.0 |  1026
           D:2 |       0 |      69 |   0.0 |       0 |      15 |   0.0 |  1180
           D:3 |       0 |     221 |   0.0 |       0 |      20 |   0.0 |  1364
           D:4 |       0 |     406 |   0.0 |       0 |      27 |   0.0 |  1505
           D:5 |       0 |     564 |   0.0 |       0 |      20 |   0.0 |  1761
           D:6 |       0 |     662 |   0.0 |       0 |      31 |   0.0 |  1563
           D:7 |       0 |     797 |   0.0 |       0 |      18 |   0.0 |  1389
               +---------+---------+-------+---------+---------+-------+---------
